Map: Coda EC

Players

Zamara - Winner!

  • Race: Protoss Protoss
  • League: Grandmaster

AgCl

  • Race: Protoss Protoss
  • League: Grandmaster

VOD

Have the link to the VOD?

Description

Time

  • Played on: June 11, 2015, 6:40 p.m.
  • Length: 4:38
Show
View Real Time Build Order
Export as new Build Order

Zamara Protoss - Winner!

Build Orders: Oracle Opening, Phoenix Opening 

Get SALT Encoding   

  12  0:01  Probe  
  13  0:14  Pylon  
  13  0:18  Probe  
  14  0:32  Probe (Chrono Boost)  
  15  0:37  Gateway  
  15  0:42  Probe (Chrono Boost)  
  16  0:49  Probe  
  17  0:51  Assimilator  
  17  1:01  Probe  
  18  1:06  Pylon  
  17  1:13  Probe (Chrono Boost)  
  18  1:25  Cybernetics Core, Probe (Chrono Boost)  
  19  1:32  Probe (Chrono Boost)  
  20  1:41  Assimilator  
  20  1:42  Probe (Chrono Boost)  
  20  1:43  Zealot  
  23  1:49  Probe (Chrono Boost)  
  24  1:59  Pylon  
  24  2:00  Probe  
  25  2:09  Stargate  
  25  2:23  Probe  
  26  2:33  Gateway  
  26  2:35  Probe  
  27  2:37  Warp Gate  
  29  3:01  Oracle (Chrono Boost)  
  29  3:05  Pylon  
  32  3:06  Probe  
  31  3:20  Nexus  
  31  3:30  Phoenix (Chrono Boost)  
  31  3:31  Mothership Core  
  35  3:52  Probe  
  35  3:54  Pylon  
  36  3:58  Robotics Facility  
Show
View Real Time Build Order
Export as new Build Order

AgCl Protoss 

Build Orders: Oracle Opening 

Get SALT Encoding   

  12  0:02  Probe  
  13  0:14  Probe  
  14  0:26  Pylon  
  14  0:45  Gateway  
  14  0:46  Probe  
  14  0:48  Assimilator  
  15  0:50  Pylon  
  15  0:58  Probe  
  16  1:10  Probe (Chrono Boost)  
  17  1:22  Probe (Chrono Boost)  
  18  1:29  Probe (Chrono Boost)  
  19  1:33  Zealot (Chrono Boost)  
  19  1:39  Probe  
  22  1:44  Cybernetics Core  
  22  1:51  Probe (Chrono Boost)  
  23  2:03  Probe (Chrono Boost)  
  23  2:06  Assimilator  
  24  2:12  Probe (Chrono Boost)  
  25  2:20  Probe  
  26  2:25  Stargate  
  26  2:32  Probe  
  26  2:44  Probe  
  28  3:02  Nexus  
  28  3:05  Pylon  
  27  3:09  Oracle (Chrono Boost)  
  30  3:24  Gateway  
  31  3:27  Mothership Core (Chrono Boost)  
  32  3:38  Assimilator  
  32  3:41  Probe (Chrono Boost)  
  32  3:42  Pylon  
  33  3:50  Twilight Council  
  33  3:53  Probe (Chrono Boost)  
  34  4:02  Probe (Chrono Boost)  
  32  4:11  Probe  
  32  4:12  Forge  
  32  4:14  Probe  
Tags
 
Add a new tag
Caveats
  • Supply blocks, unpowered buildings, or Contaminate may cause inaccurate times.
  • Supply counts are checked every 10 seconds.